 Dungeon Crawl Stone Soup version 0.27.0-1-g7a089689b8 (webtiles) character file.

Game seed: 12997479253475527529

3813 MajorAdolf the Spear-Bearer (level 10, -1/130 HPs)
             Began as a Naga Wanderer on Aug 13, 2021.
             Was an Initiate of Gozag.
             Slain by a gnoll sergeant (14 damage)
             ... in a bailey.
             The game lasted 00:18:59 (11039 turns).

MajorAdolf the Spear-Bearer (Naga Wanderer)        Turns: 11039, Time: 00:19:00

Health: -1/130     AC: 29    Str: 18    XL:     10   Next: 17%
Magic:  10/10      EV:  1    Int: 15    God:    Gozag
Gold:   344        SH:  0    Dex: 10    Spells: 9/9 levels left

rFire    . . .     SeeInvis +   a - +3 spear (vamp)
rCold    . . .     Faith    .   (no shield)
rNeg     + + +     Spirit   .   (armour currently unavailable)
rPois    +         Reflect  .   (helmet currently unavailable)
rElec    .         Harm     .   (cloak currently unavailable)
rCorr    .         Rampage  .   (gloves currently unavailable)
Will     +....     NoTele   +   (no barding)
Stlth    ++........             (no amulet)
HPRegen  0.00/turn              x - +4 ring of protection
MPRegen  0.12/turn              e - ring of wizardry

@: tree-form, inhibited regen
A: stationary, stasis, torment immunity, boosted hp, AC +3, large, see
invisible, (deformed body), (poison resistance), (slowness 2), spit poison 1,
(naga tail 1), inhibited regeneration, strong 1
a: Spit Poison, Renounce Religion, Potion Petition, Call Merchant, Bribe Branch


You were in a bailey.
You worshipped Gozag.
Gozag was aware of your devotion.
You were a tree.
You visited 2 branches of the dungeon, and saw 9 of its levels.
You also visited: Bailey.

You collected 816 gold pieces.
You spent 396 gold pieces at shops.
You paid 76 gold pieces to Gozag.

Inventory:

Hand Weapons
 a - a +3 vampiric spear (weapon)
Missiles
 A - a throwing net
Armour
 d - a +0 robe
 g - a +0 pair of gloves (melded)
 i - a +1 helmet (melded)
 m - a +3 scale mail (melded)
 s - a scarf of invisibility (melded)
Magical Staves
 t - a staff of poison
 v - a staff of earth
Jewellery
 e - a ring of wizardry (right branch)
 x - a +4 ring of protection (left branch)
Wands
 r - a wand of polymorph (9)
Scrolls
 h - 5 scrolls of amnesia
 k - 2 scrolls of enchant armour
 u - a scroll of immolation {unknown}
 w - a scroll of blinking {unknown}
 y - a scroll of teleportation {unknown}
 z - a scroll of enchant weapon
Potions
 b - a potion of lignification
 c - 4 potions of curing
 j - 2 potions of invisibility
 l - 2 potions of heal wounds
 o - 2 potions of attraction {unknown}
 p - 2 potions of resistance
 q - a potion of berserk rage


   Skills:
 + Level 4.5 Fighting
 - Level 13.4 Polearms
 + Level 1.4 Armour
 + Level 1.9 Dodging
 - Level 3.0 Stealth
 - Level 1.0 Shields
 + Level 0.6 Evocations


You had 9 spell levels left.
You didn't know any spells.
Your spell library contained the following spells:

 Spells                   Type           Power      Damage    Failure   Level
 Beastly Appendage        Tmut           0%         N/A       11%         1
 Sublimation of Blood     Necr           0%         N/A       16%         2
 Wereblood                Tmut           0%         N/A       16%         2
 Spider Form              Tmut/Pois      0%         N/A       32%         3
 Animate Dead             Necr           0%         N/A       69%         4
 Summon Forest            Summ/Tloc      0%         N/A       95%         5
 Eringya's Noxious Bog    Tmut/Pois      0%         N/A       100%        6
 Haunt                    Necr/Summ      0%         N/A       100%        7
 Summon Hydra             Summ           0%         N/A       100%        7
 Infestation              Necr           0%         N/A       100%        8


Dungeon Overview and Level Annotations

Branches:
Dungeon (8/15)             Temple (1/1) D:5          Bailey (1/1)
   Lair: D:8-11

Altars:
Ashenzari
Cheibriados
Dithmenos
Elyvilon
Gozag
Kikubaaqudgha
Makhleb
Nemelex Xobeh
Okawaru
Qazlal
Ru
Sif Muna
Trog
Uskayaw
Vehumet
Wu Jian
Xom
Yredelemnul
Zin
The Shining One

Shops:
D:3 =   D:8 [

Annotations:
D:2 Sigmund
D:3 1 runed translucent door, exclusion: upstairs, Crazy Yiuf


Innate Abilities, Weirdness & Mutations

You are a tree.
Your roots penetrate the ground, keeping you stationary.
You cannot be teleported.
You are immune to unholy pain and torment.
Your maximum health is greatly increased.
Your equipment is partially melded.
((Your serpentine skin is tough. (AC +3)))
You have supernaturally acute eyesight. (SInv)
((Armour fits poorly on your strangely shaped body.))
((Your system is resistant to poisons. (rPois)))
((You cover ground very slowly.))
You can spit poison.
((You have a snake-like lower body.))
You do not regenerate when monsters are visible.
Your muscles are strong. (Str +2)


Message History

* * * LOW HITPOINT WARNING * * *
You hit the gnoll.
The gnoll is lightly wounded.
The gnoll sergeant hits you from afar with a +0 halberd.
* * * LOW HITPOINT WARNING * * *
The gnoll hits you from afar with a +0 halberd.
* * * LOW HITPOINT WARNING * * *
The gnoll hits you but does no damage.
You closely miss the gnoll.
The gnoll is lightly wounded.
You closely miss the gnoll.
The gnoll is lightly wounded.
The gnoll barely misses you.
The gnoll sergeant hits you from afar with a +0 halberd!
* * * LOW HITPOINT WARNING * * *
The gnoll hits you but does no damage.
Unknown command.
You hit the gnoll but do no damage.
The gnoll is lightly wounded.
The gnoll hits you but does no damage.
You hit the gnoll.
You feel better.
The gnoll is moderately wounded.
The gnoll sergeant hits you from afar with a +0 halberd.
* * * LOW HITPOINT WARNING * * *
The gnoll hits you but does no damage.
A gnoll sergeant comes into view. It is wielding a +0 glaive.
Unknown command.
The gnoll sergeant shouts!
You hit the gnoll.
The gnoll is severely wounded.
You hear a shout! x3
The gnoll hits you but does no damage.
You hear a shout! x2
You hit the gnoll but do no damage.
The gnoll is severely wounded.
You hear a shout! x3
The gnoll hits you but does no damage.
The gnoll sergeant hits you from afar with a +0 halberd!
You die...
Your body crumbles into a pile of gold.

..g ##'## ##...##
##.....## #.......#
#..g8g..# #.......#
#..♣..# ##$g$##
##'## #...# ♣≈
#...# ♣≈. #...# $$
♣≈.######'''######.
♣≈.................
♣≈≈...............≈


You could see 2 gnoll sergeants and 2 gnolls.

Vanquished Creatures
  A cyclops (D:7)
  Maggie (D:6)
  A troll (D:6)
  A steam dragon (D:7)
  Edmund (D:6)
  A sky beast (D:6)
  An orc warrior (D:7)
  2 ice beasts
  3 black bears
  2 ogres
  A necrophage (D:3)
  A centaur (D:6)
  A bullfrog (D:7)
  4 scorpions
  2 gnoll sergeants (Bailey)
  4 killer bees (D:7)
  2 howler monkeys
  4 wights (D:8)
  2 jellies
  4 hounds
  3 orc priests
  A centaur skeleton (D:7)
  2 gnoll shamans
  A bullfrog skeleton (D:5)
  3 iguanas
  2 orc wizards (D:6)
  A killer bee zombie (D:5)
  14 gnolls
  A howler monkey skeleton (D:6)
  3 adders
  A white imp (D:5)
  An ufetubus (D:6)
  6 dart slugs
  15 orcs
  6 bats
  3 endoplasms
  3 giant cockroaches
  18 goblins
  6 hobgoblins
  7 jackals
  16 kobolds
  5 quokkas
  6 ball pythons
  6 frilled lizards
  7 rats
176 creatures vanquished.

Notes
Turn   | Place    | Note
-------+----------+-------------------------------------------
     0 | D:1      | MajorAdolf the Naga Wanderer began the quest for the Orb.
     0 | D:1      | MajorAdolf set off with the following items: a +2 spear, a
                  | potion of lignification, a potion of curing, a +0 robe, a
                  | +0 dagger
     0 | D:1      | Reached XP level 1. HP: 22/22 MP: 1/1
   240 | D:1      | Found a faded altar of an unknown god.
   242 | D:1      | Reached XP level 2. HP: 30/30 MP: 2/2
   427 | D:1      | Reached skill level 3 in Polearms
   911 | D:1      | Reached XP level 3. HP: 30/36 MP: 3/3
  1594 | D:2      | Found a shimmering altar of Xom.
  1875 | D:2      | Reached skill level 4 in Polearms
  1984 | D:2      | Reached XP level 4. HP: 39/44 MP: 4/4
  2432 | D:2      | Noticed a scorpion
  2446 | D:2      | Killed a scorpion
  2447 | D:2      | Reached skill level 5 in Polearms
  2447 | D:2      | Reached XP level 5. HP: 30/50 MP: 5/5
  2912 | D:2      | Noticed Sigmund
  3218 | D:3      | Found Hycuat's Jewellery Emporium.
  3395 | D:3      | Found a runed translucent door.
  3396 | D:3      | Noticed Crazy Yiuf
  4101 | D:4      | Noticed a necrophage
  4122 | D:3      | Killed a necrophage
  4123 | D:3      | Reached skill level 6 in Polearms
  4123 | D:3      | Reached XP level 6. HP: 34/57 MP: 6/6
  4552 | D:4      | Found a hide-covered altar of Uskayaw.
  4560 | D:4      | Found a stormy altar of Qazlal.
  4658 | D:5      | Entered Level 5 of the Dungeon
  4745 | D:5      | Reached skill level 7 in Polearms
  4908 | D:4      | Reached XP level 7. HP: 12/64 MP: 7/7
  5203 | D:5      | HP: 3/64 [acid (10)]
  6195 | D:6      | Gained mutation: You do not regenerate when monsters are
                  | visible. [potion of mutation]
  6195 | D:6      | Gained mutation: Your muscles are strong. (Str +2) [potion
                  | of mutation]
  6253 | D:5      | Reached skill level 8 in Polearms
  6399 | D:5      | Found a radiant altar of Vehumet.
  6774 | D:5      | Found a staircase to the Ecumenical Temple.
  6961 | Temple   | Entered the Ecumenical Temple
  7099 | Temple   | Became a worshipper of Gozag Ym Sagoz the Greedy
  7581 | D:6      | Reached skill level 9 in Polearms
  7581 | D:6      | Reached XP level 8. HP: 51/72 MP: 8/8
  8435 | D:6      | Noticed Edmund
  8455 | D:6      | Killed Edmund
  8768 | D:6      | Noticed Maggie
  8797 | D:7      | Reached skill level 10 in Polearms
  9369 | D:7      | Reached skill level 11 in Polearms
  9606 | D:7      | Noticed a cyclops
  9622 | D:7      | Reached XP level 9. HP: 78/78 MP: 9/9
  9633 | D:7      | Killed a cyclops
  9634 | D:7      | Reached skill level 12 in Polearms
  9738 | D:3      | Bought a +4 ring of protection for 396 gold pieces
  9956 | D:6      | Paralysed by Maggie for 6 turns
  9976 | D:6      | Killed Maggie
 10112 | D:6      | Noticed a troll
 10122 | D:6      | Killed a troll
 10123 | D:6      | Reached skill level 13 in Polearms
 10363 | D:6      | Reached XP level 10. HP: 85/85 MP: 10/10
 10652 | D:8      | Found Siloys's Armour Shop.
 10761 | D:8      | Reached skill level 1 in Armour
 10879 | D:8      | Found a flagged portal.
 10896 | Bailey   | Entered a bailey
 11039 | Bailey   | Slain by a gnoll sergeant

Illustrated notes

Levels and vault maps discovered:
D:1:      minmay_arrival_glassed_features, layout_loops_cross,
          chequers_ecumenical_altar_island, grunt_decor_fettered,
          kennysheep_decorative_pillar
D:2:      layout_basic, basic_altar, uniq_sigmund
D:3:      layout_basic, serial_shops, shop, uniq_crazy_yiuf_cottage
D:4:      layout_rooms, mainiacjoe_overflow_big_doors, hangedman_decor_lopped,
          minmay_ogre_servants
D:5:      layout_gridville, mainiacjoe_overflow_paths, minmay_temple_entry_hall
D:6:      layout_basic, serial_corexii_hall, chequers_hall_statues_y,
          corexii_hall_statues_x, uniq_edmund, uniq_maggie
D:7:      layout_rooms
D:8:      layout_gridville, enter_bailey_5, serial_shops, shop,
          minmay_parallelograms, minmay_holes
Temple:   minmay_crystal_spiral_temple
Bailey:   bailey_polearm_gnolls_kennysheep, bailey

Skill      XL: |  1  2  3  4  5  6  7  8  9 10 |
---------------+-------------------------------+-----
Polearms       | 3 4 5 6 7 9 11 13 | 13.4
Armour         | 1 |  1.4
Fighting       | |  4.5
Dodging        | |  1.9
Stealth        | |  3.0
Shields        | |  1.0
Evocations     | |  0.6

Action                   |  1- 3 |  4- 6 |  7- 9 | 10-12 || total
-------------------------+-------+-------+-------+-------++-------
Melee: Spear             |   101 |   174 |   340 |   139 ||   754
 Abil: Spit Poison       |    18 |    13 |    43 |       ||    74
Evoke: Wand              |       |       |     3 |     5 ||     8
  Use: Scroll            |       |     4 |    10 |       ||    14
       Potion            |       |       |     5 |     1 ||     6
 Stab: Sleeping          |     7 |    11 |       |       ||    18
       Paralysed         |       |       |       |     5 ||     5
       Distracted        |       |       |       |     1 ||     1
Armor: Robe              |    33 |    35 |    34 |       ||   102
       Scale mail        |       |       |    68 |    46 ||   114
       Skin              |       |       |    18 |     9 ||    27
Dodge: Dodged            |    60 |    42 |    73 |    24 ||   199
